 Dungeon Crawl Stone Soup version 0.28.0-45-g0d030f2227 (webtiles) character file.

Game seed: 2778756710357084411

27 zeratav the Insei (level 3, 0/24 HPs)
             Began as an Octopode Transmuter on Apr 5, 2022.
             Succumbed to an adder's poison
             ... on level 2 of the Dungeon.
             The game lasted 00:01:38 (1227 turns).

zeratav the Insei (Octopode Transmuter)             Turns: 1227, Time: 00:01:38

Health: 0/24       AC:  1    Str: 11    XL:     3   Next: 10%
Magic:  6/6        EV: 13    Int: 15    God:
Gold:   92         SH:  0    Dex: 12    Spells: 5/6 levels left

rFire   . . .      SeeInvis .     - Unarmed
rCold   . . .      Faith    .   (no shield)
rNeg    . . .      Spirit   .   (helmet restricted)
rPois   .          Reflect  .   (no amulet)
rElec   .          Harm     .   (no ring)
rCorr   .          Rampage  .   (no ring)
Will    .....                   (no ring)
Stlth   ++........              (no ring)
HPRegen 0.08/turn               (no ring)
MPRegen 0.10/turn               (no ring)
                                (no ring)
                                (no ring)

@: lethally poisoned (0 -> -6)
A: almost no armour, amphibious, 8 rings, camouflage 1, gelatinous body 1,
(nimble swimmer 1), tentacles
a: no special abilities


You were on level 2 of the Dungeon.
You visited 1 branch of the dungeon, and saw 2 of its levels.

You collected 92 gold pieces.

Inventory:

Hand Weapons
 b - a +0 short sword
Scrolls
 a - a scroll of identify {unknown}
 c - 2 scrolls of fog {unknown}
 e - a scroll of enchant weapon {unknown}
 h - a scroll of fear {unknown}
Potions
 d - a potion of curing {unknown}
 f - a potion of berserk rage {unknown}
 g - a potion of attraction {unknown}


   Skills:
 * Level 1.7 Fighting
 * Level 2.4 Dodging
 * Level 3.3 Unarmed Combat
 - Level 2.0 Spellcasting
 + Level 2.2 Transmutations


You had 5 spell levels left.
You knew the following spells:

 Your Spells              Type           Power      Damage    Failure   Level
a - Beastly Appendage     Tmut           16%        N/A       9%          1

Your spell library contained the following spells:

 Spells                   Type           Power      Damage    Failure   Level
 Wereblood                Tmut           8%         N/A       14%         2
 Spider Form              Tmut/Pois      4%         N/A       38%         3
 Ice Form                 Ice/Tmut       4%         N/A       80%         4


Dungeon Overview and Level Annotations

Branches:
Dungeon (2/15)

Altars:
Uskayaw


Innate Abilities, Weirdness & Mutations

You cannot wear most types of armour.
You are amphibious.
You can wear up to eight rings at the same time.
Your skin changes colour to match your surroundings (Stealth+).
Your rubbery body absorbs attacks. (AC +1, EV +1)
((You are camouflaged when in or above water. (Stealth+)))
You have tentacles for arms and can constrict up to eight enemies at once.


Message History

You miss the adder. Your grab misses the adder.
You feel sick.
The giant cockroach bites you but does no damage.
The adder closely misses you.
You closely miss the adder. You grab the adder. You tentacle-slap the adder.
The adder is heavily wounded.
You constrict the adder.
You feel sick. The adder bites you.
You are lethally poisoned!
The adder poisons you! The giant cockroach bites you.
* * * LOW HITPOINT WARNING * * *
You are too injured to fight recklessly!
You are too injured to fight recklessly!
You are too injured to fight recklessly!
You are too injured to fight recklessly!
You are too injured to fight recklessly!
You are too injured to fight recklessly!
You are too injured to fight recklessly!
You are too injured to fight recklessly!
You are too injured to fight recklessly!
You are too injured to fight recklessly!
You are too injured to fight recklessly!
You are too injured to fight recklessly!
You are too injured to fight recklessly!
You are too injured to fight recklessly!
You tentacle-slap the adder.
You kill the adder!
Your tentacle spike disappears.
* * * LOW HITPOINT WARNING * * *
You feel sick. The giant cockroach barely misses you.
You have reached level 3!
Your experience leads to an increase in your attributes!
Increase (S)trength, (I)ntelligence, or (D)exterity?
You feel stronger. x2
You closely miss the giant cockroach. You grab the giant cockroach.
You constrict the giant cockroach.
* * * LOW HITPOINT WARNING * * *
You feel sick. The giant cockroach bites you.
* * * LOW HITPOINT WARNING * * *
You tentacle-slap the giant cockroach.
You kill the giant cockroach!
You die...

######### #.......#
#######.......#
#.......?.....# #
#.............#
######.+...........).#
....##.#.............###
.....#...#+###..@.......
.....###.#.# #...†......
...........# #######....
#'######.......# ... #.#
#######.# . ..#####
........ ..######
.......#


There were no monsters in sight!

Vanquished Creatures
  An adder (D:2)
  A dart slug (D:1)
  3 endoplasms
  A giant cockroach (D:2)
  A goblin (D:2)
  3 hobgoblins
  A ball python (D:1)
  5 kobolds
16 creatures vanquished.

Notes
Turn   | Place    | Note
-------+----------+-------------------------------------------
     0 | D:1      | zeratav the Octopode Transmuter began the quest for the
                  | Orb.
     0 | D:1      | Reached XP level 1. HP: 13/13 MP: 3/3
   256 | D:1      | Reached XP level 2. HP: 18/18 MP: 3/5
   970 | D:2      | Found a hide-covered altar of Uskayaw.
  1226 | D:2      | Reached XP level 3. HP: 4/24 MP: 6/6
  1226 | D:2      | HP: 1/24 [giant cockroach (1)]
  1227 | D:2      | Succumbed to an adder's poison

Illustrated notes

Levels and vault maps discovered:
D:1:      dpeg_arrival_rooms_b, layout_basic
D:2:      layout_basic, basic_altar

Action                   || total
-------------------------++-------
Melee: Unarmed           ||    33
       Kick              ||    10
       Constrict         ||     9
       Tentacles         ||     4
       Punch             ||     1
 Cast: Beastly Appendage ||    16
 Stab: Sleeping          ||     6
Armor: Skin              ||     2
Dodge: Dodged            ||    18
